 Dungeon Crawl Stone Soup version 0.24-a0-252-g5076262 (webtiles) character file.

Game seed: 1704671914298766541

10241 Azureo the Unseen (level 11, -1/54 HPs)
             Began as a Spriggan Assassin on Apr 17, 2019.
             Was a Believer of Dithmenos.
             Slain by a spiny frog (21 damage)
             ... on level 1 of the Lair of Beasts.
             The game lasted 01:48:54 (12940 turns).

Azureo the Unseen (Spriggan Assassin)              Turns: 12940, Time: 01:48:55

Health: -1/54      AC:  6    Str:  6 (7)  XL:     11   Next: 33%
Magic:  11/13      EV: 27    Int:  9 (11) God:    Dithmenos [**....]
Gold:   737        SH:  0    Dex: 21      Spells: 10/10 levels left

rFire    . . .     SeeInvis +   z - +2 dagger (venom)
rCold    . . .     Gourm    .   (shield restricted)
rNeg     . . .     Faith    .   c - +0 robe
rPois    .         Spirit   .   (helmet restricted)
rElec    .         Reflect  .   d - +1 cloak
rCorr    .         Harm     .   (gloves unavailable)
MR       +....                  (boots unavailable)
Stlth    +++++++++.             (no amulet)
HPRegen  0.18/turn              R - ring of see invisible
MPRegen  0.13/turn              (no ring)

@: wreathed by umbra, very quick
A: very small, unfitting armour, thin metallic scales 1, see invisible, dopey 1,
herbivore, speed 3, high mp 1, screaming 1, slow metabolism 2
a: Shadow Step, Renounce Religion


You were on level 1 of the Lair of Beasts.
You worshipped Dithmenos.
Dithmenos was pleased with you.
You were not hungry.

You visited 3 branches of the dungeon, and saw 13 of its levels.
You also visited: Ossuary.

You collected 737 gold pieces.

Inventory:

Hand Weapons
 a - a +2 dagger
 b - a +0 blowgun
 n - a +0 rapier of venom
 t - a +1 dagger of electrocution
 y - a +4 halberd
 z - a +2 dagger of venom (weapon)
 J - a +2 shortbow of flaming
 O - a cursed -1 short sword
 Q - a +2 scimitar of flaming
Missiles
 e - 8 poisoned needles
 f - 2 curare-tipped needles
 I - 47 arrows
Armour
 c - a +0 robe (worn)
 d - a +1 cloak (worn)
 q - a +2 pair of gloves of dexterity
 w - a +0 cloak
 x - a cursed +0 leather armour
Jewellery
 m - a cursed amulet of inaccuracy
 R - a ring of see invisible (left hand)
 S - a cursed ring of attention {unknown}
Wands
 k - a wand of scattershot (6)
 o - a wand of flame (11)
 G - a wand of random effects (45)
 H - a wand of enslavement (9)
Scrolls
 i - 3 scrolls of identify
 j - 3 scrolls of amnesia
 p - a scroll of noise
 r - 6 scrolls of remove curse
 K - a scroll of fog
 M - a scroll of vulnerability {unknown}
 N - a scroll of holy word {unknown}
 T - a scroll of magic mapping {unknown}
Potions
 h - 4 potions of curing
 l - 5 potions of lignification
 s - a potion of agility {unknown}
 u - a potion of cancellation {unknown}
 A - 3 potions of heal wounds {unknown}
 B - 2 potions of haste
 C - a potion of degeneration {unknown}
 D - a potion of flight {unknown}
 E - a potion of berserk rage {unknown}
 F - 3 potions of invisibility {unknown}
 L - a potion of resistance {unknown}
Miscellaneous
 v - a lightning rod (inert)
 P - a phantom mirror
Comestibles
 g - 18 rations


   Skills:
 + Level 4.6 Fighting
 + Level 8.6 Short Blades
 + Level 3.6 Bows
 - Level 2.0 Throwing
 + Level 10.0 Dodging
 * Level 19.3 Stealth
 + Level 0.2 Evocations


You had 10 spell levels left.
You didn't know any spells.
Your spell library contained the following spells:

 Spells                   Type           Power        Failure   Level  Hunger
 Summon Small Mammal      Summ           #...         38%         1    ##.....
 Call Imp                 Summ           #.......     52%         2    ###....
 Call Canine Familiar     Summ           #.......     77%         3    ####...
 Summon Guardian Golem    Hex/Summ       #.......     77%         3    ####...
 Summon Ice Beast         Ice/Summ       #.......     99%         4    #####..
 Summon Lightning Spire   Summ/Air       #.......     99%         4    #####..


Dungeon Overview and Level Annotations

Branches:
Dungeon (11/15)            Temple (1/1) D:5            Lair (1/6) D:8
    Orc: D:9-12

Altars:
Dithmenos
Hepliaklqana
Kikubaaqudgha
Makhleb
Okawaru
Sif Muna
Uskayaw
Xom

Annotations:
D:7 Harold, Prince Ribbit
Lair:1 Joseph


Innate Abilities, Weirdness & Mutations

You are very small and have problems with some larger weapons.
You are too small for most types of armour.
You have supernaturally acute eyesight. (SInv)
You are a herbivore.
You cover ground extremely quickly.
You need to consume almost no food.
You are partially covered in thin metallic scales. (AC +2)
You are dopey. (Int -2)
You have an increased reservoir of magic. (+10% MP)
You occasionally shout uncontrollably at your foes.


Message History

Aim: a spiny frog (heavily wounded, poisoned, umbra)
You step into the spiny frog's shadow.
You will no longer bleed smoke.
The spiny frog completely misses you.
You hit the spiny frog but do no damage.
The spiny frog looks even sicker.
The spiny frog is heavily wounded.
The spiny frog stings you but does no damage.
You hit the spiny frog.
The spiny frog is heavily wounded.
The spiny frog completely misses you.
You hit the spiny frog but do no damage.
The spiny frog is heavily wounded.
You barely miss the spiny frog.
The spiny frog is heavily wounded.
The spiny frog stings you!
You hit the spiny frog but do no damage.
The spiny frog is severely wounded.
The spiny frog stings you!!
You die...

.###.#.#####.###.##.......
...........................
#P............###...##.#.##
##.............##.####..###
.... ......................
..#P.##.##.............##P.
...........................
...##.#.###F.......##......
..........@................
.###.#####...............##
# #.......<.........#
......................
########.##.########P.
###### ###


You could see a spiny frog.

Vanquished Creatures
  A hydra (D:8)
  2 two-headed ogres (D:9)
  A death yak (D:8)
  An ugly thing (D:8)
  An efreet (D:8)
  3 hornets
  Grinder (D:4)
  Sigmund (D:4)
  A vampire (D:9)
  A wyvern (D:8)
  Eustachio (D:4)
  2 hornet zombies
  Duvessa (D:4)
  2 necrophages
  A porcupine (D:8)
  6 orc warriors
  3 ice beasts
  3 ogres
  A phantom (D:10)
  A crocodile (D:9)
  8 centaurs
  2 big kobolds (D:8)
  9 bullfrogs
  A wyvern skeleton (D:8)
  Dowan (D:4)
  2 scorpions (D:6)
  5 killer bees (D:8)
  3 howler monkeys (D:9)
  2 electric eels (D:10)
  8 crimson imps
  2 bullfrog zombies
  A quasit (D:5)
  Crazy Yiuf (D:3)
  3 jellies
  A bullfrog skeleton (D:10)
  A centaur skeleton (D:4)
  A gnoll shaman (D:4)
  7 hounds
  Jessica (D:3)
  Ijyb (D:3)
  5 iguanas
  8 orc wizards
  A hell rat (D:8)
  8 worker ants
  A hound zombie (D:8)
  2 hound skeletons
  8 mummies (Ossuary)
  A howler monkey zombie (D:8)
  Robin (D:3)
  2 worker ant zombies
  6 gnolls (D:4)
  6 adders
  A river rat (D:8)
  2 shadow imps
  A white imp (D:6)
  An ooze (D:1)
  An adder skeleton (D:8)
  2 adder zombies
  3 worms
  2 dart slugs
  5 leopard geckos
  26 orcs
  4 bats
  5 giant cockroaches
  A gnoll zombie (Ossuary)
  13 goblins
  5 hobgoblins
  16 jackals
  3 quokkas
  3 frilled lizards
  3 hobgoblin zombies (Ossuary)
  A jackal skeleton (D:7)
  8 kobolds
  2 kobold zombies (Ossuary)
  2 leopard gecko zombies
  2 orc zombies (Ossuary)
  10 rats
  2 butterflies (D:8)
267 creatures vanquished.

Notes
Turn   | Place    | Note
-------+----------+-------------------------------------------
     0 | D:1      | Azureo the Spriggan Assassin began the quest for the Orb.
     0 | D:1      | Reached XP level 1. HP: 10/10 MP: 2/2
    46 | D:1      | Reached skill level 6 in Stealth
   270 | D:1      | Reached XP level 2. HP: 12/14 MP: 3/3
   542 | D:1      | Reached skill level 7 in Stealth
   888 | D:1      | You fall through a shaft!
   914 | D:2      | Reached XP level 3. HP: 11/18 MP: 4/4
  1056 | D:3      | Noticed Ijyb
  1171 | D:1      | Gained mutation: Your body sometimes deteriorates upon
                  | taking damage. [potion of mutation]
  1171 | D:1      | Gained mutation: You have sharp toenails. [potion of
                  | mutation]
  1618 | D:3      | Noticed Robin
  1671 | D:3      | Noticed Jessica
  1915 | D:3      | Killed Ijyb
  1990 | D:3      | Reached XP level 4. HP: 23/23 MP: 5/5
  2051 | D:3      | Killed Jessica
  2072 | D:3      | Reached skill level 8 in Stealth
  2329 | D:3      | Killed Robin
  2346 | D:3      | Found a hide-covered altar of Uskayaw.
  2349 | D:3      | Noticed a +0 hand axe
  2349 | D:3      | Noticed a +0 dagger
  2394 | D:3      | Found a runed translucent door.
  2395 | D:3      | Noticed Crazy Yiuf
  2451 | D:3      | Killed Crazy Yiuf
  2451 | D:3      | Reached XP level 5. HP: 20/26 MP: 6/6
  2975 | D:4      | Reached skill level 9 in Stealth
  2975 | D:4      | Reached XP level 6. HP: 30/30 MP: 7/7
  3002 | D:4      | Noticed Grinder
  3010 | D:4      | Killed Grinder
  3010 | D:4      | Reached skill level 10 in Stealth
  3010 | D:4      | Reached XP level 7. HP: 35/35 MP: 8/8
  3087 | D:4      | Found a burning altar of Makhleb.
  3225 | D:4      | Reached skill level 5 in Short Blades
  3246 | D:4      | Noticed Sigmund
  3249 | D:4      | Killed Sigmund
  3280 | D:4      | Reached skill level 5 in Dodging
  3280 | D:4      | Reached skill level 11 in Stealth
  3355 | D:4      | Noticed Eustachio
  3380 | D:4      | Killed Eustachio
  3380 | D:4      | Reached XP level 8. HP: 22/39 MP: 9/9
  3667 | D:4      | Noticed Duvessa
  3668 | D:4      | Noticed Dowan
  3848 | D:4      | Killed Dowan
  4002 | D:4      | Killed Duvessa
  4002 | D:4      | Reached skill level 12 in Stealth
  4247 | D:4      | You fall through a shaft for 2 floors!
  4253 | D:6      | You fall through a shaft for 3 floors!
  4282 | D:8      | Noticed a death yak
  4283 | D:8      | Noticed a death yak
  4366 | D:8      | Found a staircase to the Lair.
  4527 | D:8      | Found a sand-covered staircase.
  4538 | Ossuary  | Entered an ossuary
  5309 | D:5      | Entered Level 5 of the Dungeon
  5404 | D:5      | Reached skill level 13 in Stealth
  5648 | D:5      | Found a staircase to the Ecumenical Temple.
  5654 | Temple   | Entered the Ecumenical Temple
  5673 | Temple   | Became a worshipper of Dithmenos the Shadowed
  5981 | D:6      | Reached XP level 9. HP: 37/44 MP: 10/10
  6297 | D:6      | Reached skill level 14 in Stealth
  7039 | D:7      | Noticed Harold
  7082 | D:7      | Found a hazy altar of Hepliaklqana.
  7105 | D:7      | Reached skill level 1 in Bows
  7116 | D:7      | Reached * piety under Dithmenos
  7116 | D:7      | Reached skill level 15 in Stealth
  7274 | D:7      | Noticed Prince Ribbit
  7405 | D:9      | Noticed a two-headed ogre
  7659 | D:9      | Noticed a two-headed ogre
  7876 | D:9      | Reached skill level 16 in Stealth
  8203 | D:9      | Killed a two-headed ogre
  8203 | D:9      | Reached XP level 10. HP: 49/49 MP: 11/11
  8339 | D:9      | Killed a two-headed ogre
  8339 | D:9      | Reached skill level 17 in Stealth
  9218 | D:9      | Reached ** piety under Dithmenos
  9802 | D:10     | Entered Level 10 of the Dungeon
 10306 | D:10     | Reached skill level 18 in Stealth
 10916 | D:8      | Noticed a death yak
 10978 | D:8      | Killed a death yak
 10985 | D:8      | Noticed a two-headed ogre
 11323 | D:8      | Reached XP level 11. HP: 24/53 MP: 12/12
 11867 | D:8      | Found a shimmering altar of Xom.
 12033 | D:8      | Reached *** piety under Dithmenos
 12216 | D:8      | Noticed a green ugly thing
 12216 | D:8      | Noticed an eight-headed hydra
 12243 | D:8      | Reached skill level 19 in Stealth
 12500 | D:8      | Killed an eight-headed hydra
 12655 | D:8      | Killed a green ugly thing
 12655 | D:8      | Reached skill level 10 in Dodging
 12845 | Lair:1   | Entered Level 1 of the Lair of Beasts
 12879 | Lair:1   | Lost mutation: You have sharp toenails. [potion of
                  | mutation]
 12879 | Lair:1   | Lost mutation: Your body sometimes deteriorates upon taking
                  | damage. [potion of mutation]
 12879 | Lair:1   | Gained mutation: You occasionally shout uncontrollably at
                  | your foes. [potion of mutation]
 12879 | Lair:1   | Gained mutation: You are partially covered in thin metallic
                  | scales. (AC +2) [potion of mutation]
 12879 | Lair:1   | Gained mutation: You are dopey. (Int -2) [potion of
                  | mutation]
 12879 | Lair:1   | Gained mutation: You have an increased reservoir of magic.
                  | (+10% MP) [potion of mutation]
 12892 | Lair:1   | Noticed Joseph
 12940 | Lair:1   | Slain by a spiny frog

Levels and vault maps discovered:
D:1:      lightli_arrival_noodles, layout_basic, roderic_roman_lattice
D:2:      layout_loops_ring, nemelex_xobeh_ov_fountains_minmay
D:3:      layout_basic, dancing_weapons_uskayaw, first_ration,
          grunt_decor_arrowhead, uniq_robin, uniq_crazy_yiuf_cottage,
          uniq_jessica, uniq_ijyb
D:4:      layout_loops_ring, makhleb_heckhound_becter, uniq_eustachio,
          uniq_grinder, uniq_duvessa, uniq_sigmund
D:5:      layout_cave_pools, temple_statues
D:6:      layout_basic, minmay_fire_ice_demons
D:7:      layout_gridville, old_standard_altar, lemuel_round_altar,
          kennysheep_small_square, uniq_prince_ribbit1, uniq_harold
D:8:      minmay_quarter_circles, layout_gridville, xom_butterflies,
          dpeg_lair_monsters, enter_ossuary_3
D:9:      layout_loops_ring, hangedman_pestilent_swarm, evilmike_surprise_oklob
D:10:     layout_long_grid, nicolae_sextant, water_boxes_lemuel
D:11:     layout_basic, orc_0_dummy
Temple:   minmay_crystal_spiral_temple
Lair:1:   layout_long_grid, uniq_joseph
Ossuary:  ossuary_tomb_3

Skill      XL: |  1  2  3  4  5  6  7  8  9 10 11 |
---------------+----------------------------------+-----
Stealth        | 6 7 8 9 10 11 13 16 18 19 | 19.3
Dodging        | 2 3 4 5 6 8 9 10 | 10.0
Short Blades   | 3 4 5 6 7 8 |  8.6
Fighting       | 2 3 4 |  4.6
Bows           | 1 3 |  3.6
Throwing       | |  2.0
Evocations     | |  0.2

Action                   |  1- 3 |  4- 6 |  7- 9 | 10-12 || total
-------------------------+-------+-------+-------+-------++-------
Melee: Dagger            |   104 |   116 |   422 |   439 ||  1081
       Kick              |     7 |    22 |   130 |   120 ||   279
 Fire: Blowgun           |       |       |     4 |       ||     4
       Shortbow          |       |       |     2 |    45 ||    47
Invok: Shadow Step       |       |       |       |     1 ||     1
Evoke: Lightning rod     |       |       |       |     4 ||     4
  Use: Potion            |     5 |       |     1 |     4 ||    10
       Scroll            |     1 |       |    14 |     2 ||    17
 Stab: Sleeping          |    11 |     6 |    24 |    27 ||    68
       Distracted        |     1 |       |     4 |     4 ||     9
  Eat: Ration            |     1 |       |     3 |     3 ||     7
Armor: Robe              |    16 |    10 |    17 |    11 ||    54
Dodge: Dodged            |    83 |    75 |   278 |   314 ||   750

Table legend:
 A = Non-vault XP
 B = Vault XP
 C = Vault XP percentage of total XP
 D = Non-vault monster count
 E = Vault monster count
 F = Vault count percentage of total count
                 A         B        C        D         E       F
            +---------+---------+-------+---------+---------+-------
      Total |    8850 |    5780 |  39.5 |     197 |      68 |  25.7
            +---------+---------+-------+---------+---------+-------
        D:1 |      39 |       0 |   0.0 |      19 |       0 |   0.0
        D:2 |       9 |       0 |   0.0 |       5 |       0 |   0.0
        D:3 |      41 |     152 |  78.8 |      16 |      14 |  46.7
        D:4 |     649 |     928 |  58.8 |      42 |       6 |  12.5
        D:5 |     595 |       0 |   0.0 |      18 |       0 |   0.0
        D:6 |     986 |      60 |   5.7 |      18 |       2 |  10.0
        D:7 |     460 |       0 |   0.0 |       6 |       0 |   0.0
        D:8 |    1491 |    3866 |  72.2 |      24 |      26 |  52.0
        D:9 |    3640 |     621 |  14.6 |      30 |       4 |  11.8
       D:10 |     940 |       0 |   0.0 |      19 |       0 |   0.0
    Ossuary |       0 |     153 | 100.0 |       0 |      16 | 100.0
            +---------+---------+-------+---------+---------+-------
